 Dungeon Crawl Stone Soup version 0.30-a0-4-ga7cffc901d (webtiles) character file.

Game seed: 15219919447634795899

295 Sabo the Conjurer (level 6, -1/38 HPs)
             Began as an Octopode Conjurer on Aug 21, 2022.
             Was a Believer of Cheibriados.
             Slain by a gnoll
             ... wielding a +0 spear
              (6 damage)
             ... on level 4 of the Dungeon on Aug 22, 2022.
             The game lasted 00:28:54 (6095 turns).

Sabo the Conjurer (Octopode Conjurer)               Turns: 6095, Time: 00:28:55

Health: -1/38      AC:  2    Str:  8    XL:     6   Next: 34%
Magic:  9/10       EV: 13    Int: 27    God:    Cheibriados [**....]
Gold:   1117       SH:  0    Dex: 14    Spells: 10/11 levels left

rFire   . . .      SeeInvis .    l - +0 trident
rCold   . . .      Faith    .    c - orb {light}
rNeg    . . .      Spirit   .    b - +1 hat
rPois   .          Reflect  .    (no amulet)
rElec   .          Harm     .    (no ring)
rCorr   .          Rampage  .    (no ring)
Will    .....                    (no ring)
Stlth   ++........               (no ring)
HPRegen 0.12/turn                (no ring)
MPRegen 0.12/turn                (no ring)
                                 (no ring)
                                 (no ring)

@: glowing, very slow
A: almost no armour, amphibious, 8 rings, camouflage 1, gelatinous body 1,
(nimble swimmer 1), tentacles, weak 1
a: Renounce Religion, Bend Time


You were on level 4 of the Dungeon.
You worshipped Cheibriados.
Cheibriados was pleased with you.
You visited 1 branch of the dungeon, and saw 4 of its levels.

You collected 1117 gold pieces.

Inventory:

Hand Weapons
 f - a +0 sling
 g - a +0 hand axe
 l - a +0 trident (weapon)
 q - a +2 vampiric dagger
Missiles
 p - 2 curare-tipped darts (quivered)
Armour
 b - a +1 hat (worn)
 c - an orb of light (worn)
Jewellery
 k - a ring of positive energy
Wands
 t - a wand of digging (6)
Scrolls
 d - 2 scrolls of silence
 h - a scroll of fear
 j - 2 scrolls of teleportation
Potions
 a - a potion of magic
 e - a potion of degeneration {unknown}
 i - a potion of brilliance {unknown}
 m - 2 potions of haste {unknown}
 n - 2 potions of resistance {unknown}
 o - 2 potions of cancellation {unknown}
 s - 2 potions of might


   Skills:
 + Level 1.4 Fighting
 + Level 0.9 Short Blades
 + Level 2.5 Polearms
 + Level 2.6 Dodging
 + Level 3.9 Stealth
 + Level 3.0 Spellcasting
 + Level 5.2 Conjurations


You had 10 spell levels left.
You knew the following spells:

 Your Spells              Type           Power      Damage    Failure   Level
a - Magic Dart            Conj           100%       1d8       1%          1

Your spell library contained the following spells:

 Spells                   Type           Power      Damage    Failure   Level
 Searing Ray              Conj           64%        2d6       1%          2
 Dazzling Flash           Conj/Hex       36%        N/A       9%          3
 Stone Arrow              Conj/Erth      36%        3d9       9%          3
 Call Imp                 Summ           4%         N/A       13%         2
 Mephitic Cloud           Conj/Pois/Air  13%        N/A       13%         3
 Fulminant Prism          Conj/Hex       9%         3d7       30%         4
 Iskenderun's Mystic Bla  Conj/Tloc      18%        2d6       30%         4
 Lehudib's Crystal Spear  Conj/Erth      9%         10d4      100%        8
 Animate Armour           Summ/Erth      Unusable   N/A       N/A         4

Dungeon Overview and Level Annotations

Branches:
Dungeon (4/15)             Temple (0/1) D:4

Altars:
Cheibriados
Uskayaw
Xom


Innate Abilities, Weirdness & Mutations

You cannot wear most types of armour.
You are amphibious.
You can wear up to eight rings at the same time.
Your skin changes colour to match your surroundings (Stealth+).
Your rubbery body absorbs attacks. (AC +1, EV +1)
((You are camouflaged when in or above water. (Stealth+)))
You have tentacles for arms and can constrict up to eight enemies at once.
You are weak. (Str -2)


Message History

The gnoll shouts!
The quokka barely misses you.
A gnoll comes into view.
It is wielding a +0 whip and quivering silver javelins.
Casting: Magic Dart (safe; 1% risk of failure)
Confirm with . or Enter, or press ? or * to list all spells.
Aiming: Magic Dart (safe; 1% risk of failure)
Press: ? - help, Shift-Dir - straight line, f/p - quokka
Aim: a quokka (almost dead, haloed, 100% to hit)
The magic dart hits the quokka.
You kill the quokka!
Cheibriados appreciates the change of pace.
You hit the gnoll. You grab the gnoll.
The gnoll is lightly wounded.
You constrict the gnoll, but do no damage.
The gnoll hits you with a +0 club.
You hit the gnoll. You squeeze the gnoll.
The gnoll is almost dead.
You constrict the gnoll.
You kill the gnoll!
Cheibriados appreciates the change of pace.
The gnoll closely misses you.
The gnoll throws a silver javelin.
The silver javelin pierces through you! The silver sears you!
There is an open door, spattered with blood here.
The gnoll hits you with a +0 spear. The gnoll closely misses you.
The gnoll misses you.
You hit the gnoll. You grab the gnoll.
The gnoll is lightly wounded.
You constrict the gnoll, but do no damage.
The gnoll misses you. The gnoll hits you with a +0 spear.
You hit the gnoll but do no damage.
The gnoll is lightly wounded.
You constrict the gnoll. The gnoll hits you with a +0 whip!
* * * LOW HITPOINT WARNING * * *
The gnoll closely misses you.
You hit the gnoll.
The gnoll is moderately wounded.
You constrict the gnoll. The gnoll barely misses you.
The gnoll hits you with a +0 spear.
You die...

#.#.#.##...#.#########
#(.#..(#._.'.##..####
#.#.#.##...#........+
##(..##..###........#
.#########........>.#
............#####..# #
..#######..######..##.##
..##...##..<'..#.g.....#.
...#....#...#..'@g.....'.
...#...##..########...##.
'####'###......### ..#
..###..##..P.P...# ..#
....+..'....>....# .#
....#..#...P.P...# #
+#####'###.......#
...##..# ####...##
....#..# #####


You could see 2 gnolls.

Vanquished Creatures
  A necrophage (D:4)
  A scorpion (D:4)
  An orc priest (D:3)
  2 gnolls (D:4)
  4 adders
  A worm (D:2)
  3 dart slugs
  7 orcs
  4 ball pythons
  3 endoplasms (D:3)
  A giant cockroach (D:2)
  5 goblins
  7 hobgoblins
  4 jackals (D:3)
  7 quokkas
  3 bats
  2 frilled lizards (D:2)
  9 kobolds
  10 rats
75 creatures vanquished.

Vanquished Creatures (others)
  7 plants (D:2)
7 creatures vanquished.

Grand Total: 82 creatures vanquished

Notes
Turn   | Place    | Note
-------+----------+-------------------------------------------
     0 | D:1      | Sabo the Octopode Conjurer began the quest for the Orb.
     0 | D:1      | Reached XP level 1. HP: 11/11 MP: 3/3
   451 | D:1      | Reached XP level 2. HP: 17/17 MP: 3/5
  1589 | D:2      | Reached XP level 3. HP: 21/21 MP: 4/6
  1750 | D:2      | Found a snail-covered altar of Cheibriados.
  2095 | D:2      | Found a faded altar of an unknown god.
  2124 | D:2      | Prayed at the altar of an unknown god.
  2124 | D:2      | Became a worshipper of Xom of Malicious Giggling
  2175 | D:2      | Fell from the grace of Xom
  2175 | D:2      | Became a worshipper of Cheibriados the Contemplative
  2310 | D:2      | XOM: stat loss: -1 Int (22/23)
  3013 | D:2      | XOM: draining
  3062 | D:2      | Reached XP level 4. HP: 21/24 MP: 5/7
  3296 | D:3      | Reached * piety under Cheibriados
  3393 | D:3      | Reached skill level 5 in Conjurations
  3532 | D:3      | XOM: summons 3 hostile shadow creatures
  3542 | D:3      | HP: 1/26 [worm[Xom] (1)]
  4395 | D:3      | XOM: give mutation
  4395 | D:3      | Gained mutation: You are weak. (Str -2) [Xom's mischief]
  4419 | D:3      | XOM: noise
  4542 | D:3      | Reached XP level 5. HP: 32/32 MP: 5/8
  4633 | D:3      | XOM: god gift: 903 gold pieces
  4648 | D:3      | Reached skill level 1 in Polearms
  4652 | D:3      | XOM: 3-stop teleportation journey
  5451 | D:4      | Reached skill level 1 in Fighting
  5633 | D:4      | Noticed a +0 short sword
  5638 | D:4      | Noticed a +0 spear
  5638 | D:4      | Noticed a +0 falchion
  5639 | D:4      | Noticed a +0 falchion
  5639 | D:4      | Noticed a +0 dagger
  5639 | D:4      | Noticed a +0 short sword
  5639 | D:4      | Noticed a +0 dagger
  5639 | D:4      | Noticed a +0 spear
  5656 | D:4      | Found a hide-covered altar of Uskayaw.
  5701 | D:4      | XOM: summons 2 hostile demons
  5711 | D:4      | Reached ** piety under Cheibriados
  5712 | D:4      | XOM: polymorph orc -> adder
  5764 | D:4      | Reached XP level 6. HP: 14/38 MP: 6/10
  6028 | D:4      | Found a staircase to the Ecumenical Temple.
  6095 | D:4      | Slain by a gnoll

Illustrated notes

Levels and vault maps discovered:
D:1:      nicolae_arrival_washed_ashore, layout_basic
D:2:      minmay_skewed_foursquare, layout_basic, basic_altar,
          dilly_ecumenical_altar_fadedgnrine, nicolae_kite_square_tiling_tiny
D:3:      layout_loops_ring, minmay_misc_feat_columns
D:4:      layout_gridville, nicolae_uskayaw_en_pointe, minmay_temple_entry_trees

Skill      XL: |  1  2  3  4  5 |
---------------+----------------+-----
Stealth        | 3 |  3.9
Conjurations   | 5 |  5.2
Polearms       | 2 |  2.5
Fighting       | 1 |  1.4
Spellcasting   | 3 |  3.0
Short Blades   | |  0.9
Dodging        | |  2.6

Action                   |  1- 3 |  4- 6 || total
-------------------------+-------+-------++-------
Melee: Short sword       |     7 |       ||     7
       Tentacles         |    12 |    25 ||    37
       Constrict         |    12 |    22 ||    34
       Spear             |    12 |       ||    12
       Hand axe          |    11 |       ||    11
       Trident           |    10 |    67 ||    77
       Punch             |     1 |       ||     1
 Cast: Magic Dart        |    45 |    44 ||    89
  Use: Scroll            |     4 |     5 ||     9
Armor: Skin              |     4 |     9 ||    13
Dodge: Dodged            |    30 |    48 ||    78

Table legend: (Time is in decaauts)
 A = Elapsed time spent in this place.
 B = Non-inter-level travel time spent in this place.
 C = Inter-level travel time spent in this place.
 D = Time resting spent in this place.
 E = Time spent auto-exploring this place.
 F = Levels seen in this place.
 G = Mean time per level.
                   A        B        C        D        E       F      G
               +--------+--------+--------+--------+--------+-----+--------+
         Total |   6703 |   6703 |      0 |   3187 |      0 |   4 | 1675.8 |
       Dungeon |   6703 |   6703 |      0 |   3187 |      0 |   4 | 1675.8 |
               +--------+--------+--------+--------+--------+-----+--------+

Top non-repeatable levels by time:
     D:3: 2502 daAuts
     D:2: 2066 daAuts
     D:1: 1392 daAuts
     D:4: 741 daAuts
